 Seeded DCSS version 0.29-a0-1047-g7c58e11 (webtiles) character file.

Game seed: 7354757201312794101 (custom seed)

9657 Illumine the Fighter (level 11, 0/98 (113) HPs)
             Began as an Ogre Ice Elementalist on Aug 15, 2022.
             Was an Initiate of Gozag.
             Slain by a death scarab (23 damage)
             ... in a Gauntlet on Aug 16, 2022.
             The game lasted 00:28:35 (11696 turns).

Illumine the Fighter (Ogre Ice Elementalist)       Turns: 11696, Time: 00:28:36

HP:   0/98 (113)    AC:  9    Str: 21    XL:     11   Next: 49%
MP:   11/23         EV: 11    Int: 20    God:    Gozag
Gold: 1724          SH:  0    Dex:  9    Spells: 10/26 levels left

rFire   + . .      SeeInvis .   o - +6 dagger "Ipets" {vorpal, rElec rPois Str+7}
rCold   . . .      Faith    .   (no shield)
rNeg    . . .      Spirit   .   M - +2 robe {Will+}
rPois   +          Reflect  .   (helmet restricted)
rElec   +          Harm     .   (no cloak)
rCorr   .          Rampage  .   (gloves unavailable)
Will    ++...      NoTele   +   (boots unavailable)
Stlth   +.........              I - amulet of the acrobat
HPRegen 0.26/turn               e - ring of protection from fire
MPRegen 0.18/turn               h - +4 ring of protection

@: hasted, heavily drained, very quick
A: large, unfitting armour, tough skin 1
a: Renounce Religion, Potion Petition, Call Merchant, Bribe Branch


You were in a Gauntlet.
You worshipped Gozag.
Gozag was most pleased with you.
You visited 2 branches of the dungeon, and saw 10 of its levels.
You also visited: Gauntlet.

You collected 1752 gold pieces.
You paid 28 gold pieces to Gozag.

Inventory:

Hand Weapons
 o - the +6 dagger "Ipets" (weapon) {vorpal, rElec rPois Str+7}
   (You found it on level 2 of the Dungeon)

   It inflicts extra damage upon your enemies.
   Str:       It affects your strength (+7).
   rElec:     It insulates you from electricity.
   rPois:     It protects you from poison.
 D - a +2 scimitar of flaming
Missiles
 d - a throwing net (quivered)
 g - 96 stones
 n - 18 poisoned darts
Armour
 a - a +1 hat of intelligence
 M - a +2 robe of willpower (worn)
Jewellery
 e - a ring of protection from fire (left hand)
 h - a +4 ring of protection (right hand)
 r - a ring of flight
 B - a ring of positive energy
 I - an amulet of the acrobat (around neck)
Wands
 C - a wand of charming (13)
 H - a wand of iceblast (7)
Scrolls
 f - a scroll of fog
 i - 2 scrolls of fear
 j - 2 scrolls of teleportation
 l - 4 scrolls of noise
 t - 2 scrolls of vulnerability
 w - 6 scrolls of amnesia
 x - a scroll of enchant weapon
 y - a scroll of torment
 E - a scroll of poison
 F - a scroll of immolation {unknown}
Potions
 b - a potion of magic
 c - a potion of cancellation
 p - a potion of haste
 q - a potion of flight
 s - 2 potions of mutation
 u - 2 potions of might
 v - 2 potions of brilliance
 z - 2 potions of degeneration {unknown}
 A - a potion of invisibility {unknown}
 G - 2 potions of heal wounds {unknown}
 J - a potion of attraction {unknown}
 K - a potion of ambrosia {unknown}
 L - 2 potions of lignification {unknown}


   Skills:
 + Level 8.9 Fighting
 - Level 4.0 Short Blades
 + Level 6.5 Dodging
 - Level 1.4 Stealth
 - Level 8.0 Spellcasting
 + Level 5.1 Conjurations
 * Level 4.9 Hexes
 * Level 4.8 Summonings
 + Level 7.9 Ice Magic


You had 10 spell levels left.
You knew the following spells:

 Your Spells              Type           Power      Damage    Failure   Level
a - Freeze                Ice            100%       1d11      1%          1
b - Frozen Ramparts       Ice            78%        1d12      1%          3
c - Ozocubu's Armour      Ice            39%        N/A       1%          3
d - Hailstorm             Conj/Ice       34%        3d9       6%          4
e - Summon Mana Viper     Hex/Summ       27%        N/A       32%         5

Your spell library contained the following spells:

 Spells                   Type           Power      Damage    Failure   Level
 Foxfire                  Conj/Fire      72%        2x1d7     3%          1
 Conjure Flame            Conj/Fire      18%        6-21      9%          3
 Inner Flame              Hex/Fire       17%        N/A       10%         3
 Flame Wave               Conj/Fire      18%        2d7       30%         4
 Passage of Golubria      Tloc           8%         N/A       63%         4
 Silence                  Hex/Air        8%         N/A       65%         5
 Summon Forest            Summ/Tloc      8%         N/A       65%         5
 Summon Cactus Giant      Summ           13%        N/A       87%         6
 Lehudib's Crystal Spear  Conj/Erth      9%         10d4      100%        8


Dungeon Overview and Level Annotations

Branches:
Dungeon (9/15)             Temple (0/1) D:6            Lair (1/5) D:8
    Orc (0/2) D:9         Gauntlet (1/1)

Altars:
Ashenzari
Fedhas
Gozag
Kikubaaqudgha
Nemelex Xobeh
Ru
Trog
Uskayaw
Wu Jian
Xom
Zin

Shops:
D:7 (

Annotations:
D:7 Menkaure Gauntlet 11 transporters


Innate Abilities, Weirdness & Mutations

You are too large for most types of armour.
You have tough skin. (AC +1)


Message History

Your mana viper bites the spectral boulder beetle but does no damage.
You hit the spectral boulder beetle but do no damage.
The spectral boulder beetle is almost destroyed.
Your mana viper bites the spectral boulder beetle!
The spectral boulder beetle is destroyed!
The spectral black mamba is distracted by your dazzling golden aura.
Training target 4.0 for Short Blades reached!
Your Short Blades skill increases to level 4!
Your icy armour cracks and falls away as you move.
The spectral black mamba is no longer distracted by gold.
You now have 1724 gold pieces (gained 4).
d - a throwing net You feel yourself speed up.
You open the gate. The death scarab completely misses you.
The death scarab enters a dispersal trap!
Your mana viper blinks!
The death scarab blinks!
Your mana viper blinks!
You blink.
The death scarab blinks!
You see here a +1 hat of intelligence.
a - a +1 hat of intelligence The death scarab barely misses you.
You can't see any enemies this would affect, really read the scroll of fear?
Okay, then.
Okay, then.
Aiming: Charm
Press: ? - help, Shift-Dir - straight line, f - death scarab
Aim: a death scarab (ally target, chance to affect: 17%)
Okay, then.
Casting: Summon Mana Viper (dangerous; 32% risk of failure)
Confirm with . or Enter, or press ? or * to list all spells.
Okay, then.
Casting: Summon Mana Viper (dangerous; 32% risk of failure)
Confirm with . or Enter, or press ? or * to list all spells.
A mana viper appears with a sibilant hiss.
Your mana viper disappears in a puff of smoke!
The death scarab bites you!!
You die...
Your body crumbles into a pile of gold.

#############
#≈#≈#≈#≈#≈#≈################
.............#≈#≈#≈#§#≈#§#≈##
......8.............§..§§§.≈#
.............8.....8.....8.##
.###########...............≈#
.#=#..#....#...#########...##
.#=.#..#...#...#@B#....#...≈#
.##..#..#..#####S§#B##.#..§##
.#.#..#..#.#...###§^##.#...§#
.#©.#..#©.##©8©#Z.'.§.©#©8.##
.#.#..#..#W#...###Z#####...≈#
.##..#..#..#####....Z..#...##
.#!.#..#..W#...#.......#...≈#
.#.#..#....#...#########...##
.###########...............≈#


You could see a spectral komodo dragon, a spectral black mamba, a spectral
lindwurm, 2 death scarabs, 2 shadows and a friendly mana viper (summoned).

Vanquished Creatures
  Erica (D:8)
  A two-headed ogre (D:8)
  Pikel (D:9)
  A cane toad (Lair:1)
  A rime drake (Lair:1)
  2 trolls
  2 slime creatures (D:5)
  2 hornets (D:8)
  15 yaks (D:9)
  A basilisk (Lair:1)
  2 water moccasins (Lair:1)
  An ice beast (D:7)
  A sky beast (D:7)
  2 black bears
  A centaur (D:7)
  2 phantoms
  A kobold brigand (D:8)
  2 scorpions
  16 wights
  2 killer bees (D:9)
  3 howler monkeys
  A lava snake (D:9)
  An orc priest (D:7)
  A hound (D:5)
  4 jellies
  5 iguanas
  5 orc wizards
  9 adders
  2 river rats (D:4)
  A shadow imp (D:6)
  3 white imps
  An ufetubus (D:5)
  3 dart slugs (D:2)
  3 worms (D:4)
  21 orcs
  4 bats
  15 endoplasms
  5 giant cockroaches
  2 goblins (D:4)
  11 hobgoblins
  6 quokkas
  11 ball pythons
  2 frilled lizards
  14 kobolds
  9 rats
199 creatures vanquished.

Vanquished Creatures (collateral kills)
  Erolcha (D:9)
  A spectral boulder beetle (Gauntlet)
  Maggie (D:9)
  A lemure (D:9)
4 creatures vanquished.

Vanquished Creatures (others)
  6 fungi (D:5)
  2 plants
  7 toadstools (D:5)
  14 withered plants (Gauntlet)
29 creatures vanquished.

Grand Total: 232 creatures vanquished

Notes
Turn   | Place    | Note
-------+----------+-------------------------------------------
     0 | D:1      | Illumine the Ogre Ice Elementalist began the quest for the
                  | Orb.
     0 | D:1      | Reached XP level 1. HP: 16/16 MP: 3/3
   241 | D:1      | Reached XP level 2. HP: 24/24 MP: 3/5
  1395 | D:2      | Reached XP level 3. HP: 31/31 MP: 3/7
  1403 | D:2      | Learned a level 3 spell: Frozen Ramparts
  1407 | D:2      | Learned a level 3 spell: Ozocubu's Armour
  1754 | D:2      | Identified the +6 dagger "Ipets" {vorpal, rElec rPois
                  | Str+7}
  1895 | D:2      | Reached XP level 4. HP: 39/39 MP: 6/9
  2057 | D:2      | Found an opulent altar of Gozag.
  2080 | D:2      | Became a worshipper of Gozag Ym Sagoz the Greedy
  2782 | D:3      | Noticed a black bear
  2921 | D:3      | Found a glowing silver altar of Zin.
  2927 | D:3      | Found a broken altar of Ashenzari.
  2936 | D:3      | Found an ancient bone altar of Kikubaaqudgha.
  2936 | D:3      | Found a hide-covered altar of Uskayaw.
  2943 | D:3      | Found a sparkling altar of Nemelex Xobeh.
  2970 | D:3      | Reached skill level 1 in Short Blades
  3151 | D:3      | Reached XP level 5. HP: 35/45 MP: 4/11
  3403 | D:3      | Killed a black bear
  3404 | D:3      | Reached skill level 1 in Fighting
  3404 | D:3      | Reached XP level 6. HP: 42/55 MP: 2/12
  4026 | D:4      | Reached skill level 5 in Ice Magic
  4268 | D:4      | Upgraded the game from 0.29-a0-1039-gfc20370 to
                  | 0.29-a0-1047-g7c58e11
  4361 | D:4      | Noticed a black bear
  4367 | D:4      | Killed a black bear
  4368 | D:4      | Reached XP level 7. HP: 67/67 MP: 5/14
  4695 | D:5      | Entered Level 5 of the Dungeon
  4702 | D:5      | Found a sacrificial altar of Ru.
  4758 | D:5      | Reached skill level 5 in Spellcasting
  4907 | D:5      | Noticed a slime creature
  4907 | D:5      | Noticed a slime creature
  4921 | D:5      | Killed a slime creature
  5111 | D:5      | Killed a slime creature
  5112 | D:5      | Reached XP level 8. HP: 49/79 MP: 7/16
  5117 | D:5      | Learned a level 4 spell: Hailstorm
  5464 | D:5      | Reached skill level 5 in Fighting
  5649 | D:5      | Reached skill level 1 in Conjurations
  5876 | D:5      | Found an ornate altar of the Wu Jian Council.
  6022 | D:5      | You fall into a shaft and drop 3 floors!
  6032 | D:8      | Noticed Erica
  6142 | D:8      | Killed Erica
  6143 | D:8      | Reached XP level 9. HP: 83/91 MP: 8/19
  6287 | D:8      | Noticed a two-headed ogre
  6292 | D:8      | Killed a two-headed ogre
  6293 | D:8      | Reached skill level 5 in Dodging
  6610 | D:7      | Learned a level 5 spell: Summon Mana Viper
  6914 | D:7      | Found Cirula Zeho's Weapon Boutique.
  6943 | D:6      | Noticed a troll
  6947 | D:6      | Killed a troll
  7552 | D:6      | Found a staircase to the Ecumenical Temple.
  7929 | D:7      | Reached skill level 1 in Hexes
  7929 | D:7      | Reached skill level 1 in Summonings
  7949 | D:7      | Reached XP level 10. HP: 85/102 MP: 4/21
  8802 | D:7      | Noticed Menkaure
  9079 | D:8      | Found a shimmering altar of Xom.
  9597 | D:8      | Found a staircase to the Lair.
 10156 | D:9      | Noticed Maggie
 10163 | D:9      | Killed Maggie
 10172 | D:9      | Noticed Pikel
 10185 | D:9      | Noticed Erolcha
 10192 | D:9      | Killed Pikel
 10199 | D:9      | Killed Erolcha
 10200 | D:9      | Reached XP level 11. HP: 95/113 MP: 18/23
 10375 | D:9      | Found a bloodstained altar of Trog.
 10428 | D:9      | Found a staircase to the Orcish Mines.
 10610 | D:9      | Found a blossoming altar of Fedhas.
 11109 | Lair:1   | Entered Level 1 of the Lair of Beasts
 11216 | Lair:1   | Reached skill level 5 in Conjurations
 11299 | Lair:1   | Found a gate leading to a gauntlet.
 11321 | Gauntlet | Entered a Gauntlet
 11321 | Gauntlet | Found a transporter.
 11324 | Gauntlet | Found a transporter.
 11326 | Gauntlet | Found a transporter.
 11326 | Gauntlet | Noticed a moth of wrath
 11370 | Gauntlet | Noticed a blizzard demon
 11424 | Gauntlet | Found a transporter.
 11432 | Gauntlet | Found a transporter.
 11432 | Gauntlet | Found a transporter.
 11432 | Gauntlet | Noticed a large abomination
 11433 | Gauntlet | Found a transporter.
 11436 | Gauntlet | Found a transporter.
 11436 | Gauntlet | Noticed a quicksilver ooze
 11527 | Gauntlet | Found a transporter.
 11546 | Gauntlet | Found a transporter.
 11550 | Gauntlet | Found a transporter.
 11552 | Gauntlet | Found a runed translucent gate.
 11552 | Gauntlet | Found a runed translucent gate.
 11552 | Gauntlet | Found a runed translucent gate.
 11553 | Gauntlet | Noticed a death scarab
 11554 | Gauntlet | Noticed a death scarab
 11558 | Gauntlet | Found a transporter.
 11696 | Gauntlet | Slain by a death scarab

Illustrated notes

Levels and vault maps discovered:
D:1:      minmay_arrival_open_corners, layout_basic
D:2:      wad_river_or_something, layout_basic, basic_altar,
          kennysheep_generic_room_15
D:3:      layout_loops_ring, nicolae_overflow_hallway_of_the_gods
D:4:      layout_rooms, portal_sewer_entry_e
D:5:      cheibrodos_fertilizer, layout_basic, old_standard_altar,
          nzn_wu_jian_council_hall
D:6:      layout_basic, minmay_temple_entry_overgrown
D:7:      layout_loops_corners, serial_shops, shop, uniq_menkaure
D:8:      layout_basic, mainiacjoe_overflow_catwalk, lair_entry_dummy,
          uniq_erica
D:9:      layout_roguey, mainiacjoe_overflow_catch_the_wave, orc_0_dummy,
          uniq_maggie, uniq_erolcha, uniq_pikel
Lair:1:   layout_big_grid, serial_bayou, serial_bayou_shore_a,
          serial_bayou_pond_b, serial_bayou_pond_e, serial_bayou_pond_b,
          gauntlet_entry_generic, grunt_megastairs_4,
          infiniplex_staircase_pool_2
Gauntlet: minmay_gauntlet_mixed_oops_all_seconds
          [minmay_gauntlet_arena_77_hold_the_fort,
          gammafunk_gauntlet_arena_grid, minmay_gauntlet_arena_77_run_for_it,
          nicolae_gauntlet_swirl, minmay_gauntlet_arena_77_radiant_squares,
          gammafunk_gauntlet_arena_arrow_garden, gauntlet_exit_green]

Skill      XL: |  1  2  3  4  5  6  7  8  9 10 11 |
---------------+----------------------------------+-----
Spellcasting   | 3 4 5 6 7 8 |  8.0
Ice Magic      | 4 5 6 7 |  7.9
Short Blades   | 1 2 3 4 |  4.0
Fighting       | 1 3 4 6 7 8 |  8.9
Dodging        | 2 3 4 5 6 |  6.5
Conjurations   | 2 3 4 5 |  5.1
Hexes          | 1 3 4 |  4.9
Summonings     | 1 3 4 |  4.8
Stealth        | |  1.4

Action                   |  1- 3 |  4- 6 |  7- 9 | 10-12 || total
-------------------------+-------+-------+-------+-------++-------
Melee: Unarmed           |     1 |       |       |       ||     1
       Dagger            |       |    59 |   120 |   155 ||   334
       Punch             |       |       |       |     2 ||     2
Throw: Stone             |     2 |       |       |       ||     2
       Throwing net      |       |     1 |     3 |     2 ||     6
 Cast: Freeze            |    67 |    37 |    42 |    35 ||   181
       Frozen Ramparts   |       |    10 |    33 |    27 ||    70
       Ozocubu's Armour  |       |     3 |     5 |    17 ||    25
       Hailstorm         |       |       |     4 |     7 ||    11
       Summon Mana Viper |       |       |       |     2 ||     2
  Use: Scroll            |       |       |    16 |     4 ||    20
       Potion            |       |       |     1 |     5 ||     6
 Stab: Sleeping          |       |     1 |     1 |       ||     2
       Distracted        |       |       |     1 |       ||     1
       Paralysed         |       |       |       |     1 ||     1
Armor: Robe              |    19 |    27 |    55 |    44 ||   145
Dodge: Dodged            |    27 |    37 |    70 |    80 ||   214

Table legend: (Time is in decaauts)
 A = Elapsed time spent in this place.
 B = Non-inter-level travel time spent in this place.
 C = Inter-level travel time spent in this place.
 D = Time resting spent in this place.
 E = Time spent auto-exploring this place.
 F = Levels seen in this place.
 G = Mean time per level.
                   A        B        C        D        E       F      G
               +--------+--------+--------+--------+--------+-----+--------+
         Total |  11670 |  11333 |    337 |   1913 |   6933 |  11 | 1060.9 |
       Dungeon |  11090 |  10753 |    337 |   1823 |   6798 |   9 | 1232.2 |
          Lair |    211 |    211 |      0 |     90 |     41 |   1 |  211.0 |
      Gauntlet |    368 |    368 |      0 |      0 |     94 |   1 |  368.0 |
               +--------+--------+--------+--------+--------+-----+--------+

Top non-repeatable levels by time:
     D:7: 1565 daAuts
     D:8: 1550 daAuts
     D:2: 1452 daAuts
     D:1: 1349 daAuts
     D:5: 1324 daAuts
     D:3: 1062 daAuts
     D:9: 1032 daAuts
     D:6: 923 daAuts
     D:4: 828 daAuts
Gauntlet: 368 daAuts
  Lair:1: 211 daAuts
